 Dungeon Crawl Stone Soup version 0.22-a0-196-gee22f27 (webtiles) character file.

4271 Lapis the Covert (level 10, -5/71 HPs)
             Began as an Octopode Assassin on Feb 17, 2018.
             Was a Priest of Cheibriados.
             Killed by the air
             ... invoked by Gastronok
              (40 damage)
             ... on level 9 of the Dungeon.
             The game lasted 00:17:30 (8414 turns).

Lapis the Covert (Octopode Assassin)                Turns: 8414, Time: 00:17:30

Health: -5/71      AC:  1    Str: 20    XL:     10   Next: 31%
Magic:  14/14      EV: 19    Int: 19    God:    Cheibriados [***...]
Gold:   701        SH:  0    Dex: 23    Spells: 13/15 levels left

rFire    . . .     SeeInvis .   a - +2 dagger
rCold    . . .     Gourm    .   (no shield)
rNeg     + . .     Faith    .   (helmet restricted)
rPois    .         Spirit   .   (no amulet)
rElec    .         Reflect  .   i - +1 ring of slaying
rCorr    .         Harm     .   r - ring of positive energy
MR       .....                  (no ring)
Stlth    +++++++...             (no ring)
HPRegen  0.21/turn              (no ring)
MPRegen  0.14/turn              (no ring)
                                (no ring)
                                (no ring)

@: slowed, very slow
A: almost no armour, stealthy swim, amphibious, 8 rings, constrict 8, camouflage
1, dopey 1, strong 1, gelatinous body 1
a: Bend Time, Temporal Distortion, Renounce Religion


You were on level 9 of the Dungeon.
You worshipped Cheibriados.
Cheibriados was most pleased with you.
You were very hungry.

You visited 2 branches of the dungeon, and saw 10 of its levels.
You also visited: Ossuary.

You collected 701 gold pieces.

Inventory:

Hand Weapons
 a - a +2 dagger (weapon)
 b - a +0 blowgun
 K - a +4 short sword
Missiles
 c - 12 poisoned needles
 g - 5 needles of confusion
 s - a needle of sleeping
 C - 5 tomahawks (quivered)
Jewellery
 i - a +1 ring of slaying (left tentacle)
 r - a ring of positive energy (right tentacle)
Wands
 v - a wand of polymorph (14)
 A - a wand of iceblast (14)
 F - a wand of paralysis (11)
 H - a wand of digging (17)
Scrolls
 j - a scroll of fear
 k - 2 scrolls of immolation
 n - a scroll of teleportation
 q - 2 scrolls of remove curse
 t - a scroll of amnesia
 x - a scroll of enchant weapon {unknown}
 y - a scroll of torment {unknown}
 D - 3 scrolls of identify
 G - a scroll of vulnerability {unknown}
 I - a scroll of blinking
Potions
 h - a potion of mutation
 l - 2 potions of curing
 m - a potion of degeneration {unknown}
 o - a potion of haste
 p - a potion of heal wounds
 u - 2 potions of agility
 w - 3 potions of might {unknown}
 B - a potion of ambrosia {unknown}
 E - a potion of brilliance {unknown}
Books
 e - a book of Necromancy

   Spells                             Type                      Level
   a - Pain                           Necromancy                   1
   b - Animate Skeleton               Necromancy                   1
   c - Vampiric Draining              Necromancy                   3
   d - Regeneration                   Charms/Necromancy            3
   e - Animate Dead                   Necromancy                   4
 J - a book of Minor Magic

   Spells                             Type                      Level
   a - Magic Dart                     Conjuration                  1
   b - Blink                          Translocation                2
   c - Call Imp                       Summoning                    2
   d - Slow                           Hexes                        2
   e - Conjure Flame                  Conjuration/Fire             3
   f - Mephitic Cloud                 Conjuration/Poison/Air       3
Comestibles
 f - 14 rations


   Skills:
 * Level 7.1 Fighting
 * Level 7.5 Short Blades
 - Level 2.0 Throwing
 * Level 6.8 Dodging
 * Level 13.7 Stealth
 - Level 3.0 Spellcasting
 - Level 3.0 Translocations
 * Level 2.2 Invocations


You had 13 spell levels left.
You knew the following spells:

 Your Spells              Type           Power        Failure   Level  Hunger
a - Blink                 Tloc           N/A          7%          2    ##.....


Dungeon Overview and Level Annotations

Branches:
Dungeon (9/15)             Temple (1/1) D:5
   Lair: D:8-11         Orc: D:9-12

Altars:
Cheibriados
Elyvilon
Fedhas
Hepliaklqana
Sif Muna
Zin

Annotations:
D:9 Gastronok


Innate Abilities, Weirdness & Mutations

You cannot wear most types of armour.
You are very stealthy in the water. (Stealth+)
You are amphibious.
You can wear up to eight rings at the same time.
You can use your tentacles to constrict eight enemies at once.
Your skin changes colour to match your surroundings (Stealth+).
Your rubbery body absorbs attacks. (AC +1, EV +1)
You are dopey. (Int -2)
Your muscles are strong. (Str +2)


Message History

The bat misses you. x2; The bat closely misses you.
The bat misses you.
Wield which item (- for none, * to show all)? (? for menu, Esc to quit)
a - a +2 dagger (weapon)
The bat completely misses you.
You hit the bat. You grab the bat.
The bat is moderately wounded.
You constrict the bat.
You kill the bat!
The bat's corpse disappears in a puff of smoke!
Okay, then.
As you read the scroll of fear, it crumbles to dust.
You assume a fearsome visage.
Gastronok resists with almost no effort.
As you read the scroll of fear, it crumbles to dust.
You assume a fearsome visage.
Gastronok looks frightened!
Gastronok seems to regain his courage.
Gastronok waves his eye-stalks in wide circles.
The air twists around and strikes you!
Ouch! That really hurt!
You die...

.(......####...####.######...####
.......## #.....##.# #..## #
#.....## ##.##.##.# #.## ##...##
#.##.##.# #.# ##'## #.##.##.# #.#
#.# #.......# #.# #.# ####.####
#.# ##.## #.# #.# ##...## #@# #.#
......##########.# #.#
##w..##.....w...w# #.#
#<.###.########## #.######
#(####.# #....... #..w...#
######## ########


You could see Gastronok.

Vanquished Creatures
  A two-headed ogre (D:8)
  Pikel (D:7)
  Prince Ribbit (D:5)
  Grinder (D:4)
  Eustachio (D:5)
  2 ice beasts (D:6)
  A black bear (D:9)
  3 orc warriors
  A sky beast (D:6)
  2 ogres
  2 centaurs
  3 bullfrogs
  A water moccasin zombie (D:6)
  A wyvern skeleton (D:7)
  3 scorpions
  5 killer bees (D:9)
  A centaur zombie (D:8)
  4 crimson imps
  2 hounds
  A quasit (D:8)
  A human zombie (Ossuary)
  4 orc priests
  A bullfrog skeleton (D:7)
  2 jellies
  5 orc wizards
  3 worker ants
  3 big kobold zombies (Ossuary)
  2 mummies (Ossuary)
  4 gnolls (D:3)
  5 adders
  3 shadow imps
  An ooze (D:7)
  An adder zombie (D:9)
  2 worms (D:2)
  24 orcs
  2 giant cockroaches
  2 gnoll zombies (Ossuary)
  4 goblins
  4 hobgoblins
  2 jackals (D:7)
  2 quokkas
  6 bats
  2 frilled lizards (D:1)
  A giant cockroach zombie (D:6)
  2 goblin zombies (Ossuary)
  3 hobgoblin zombies (Ossuary)
  5 kobolds
  A leopard gecko skeleton (D:4)
  3 orc zombies (Ossuary)
  A quokka skeleton (D:9)
  4 rats
142 creatures vanquished.

Vanquished Creatures (others)
  An orc (D:7)
  2 jackals (D:7)
3 creatures vanquished.

Grand Total: 145 creatures vanquished

Notes
Turn   | Place    | Note
-------+----------+-------------------------------------------
     0 | D:1      | Lapis the Octopode Assassin began the quest for the Orb.
     0 | D:1      | Reached XP level 1. HP: 14/14 MP: 1/1
   130 | D:1      | Reached XP level 2. HP: 19/19 MP: 2/2
   392 | D:1      | Reached skill level 6 in Stealth
   618 | D:2      | Reached XP level 3. HP: 16/24 MP: 3/3
   827 | D:2      | Found a white marble altar of Elyvilon.
  1095 | D:3      | Noticed a bullfrog
  1103 | D:3      | Killed a bullfrog
  1103 | D:3      | Reached skill level 7 in Stealth
  1103 | D:3      | Reached XP level 4. HP: 6/30 MP: 4/4
  1352 | D:3      | Reached skill level 5 in Dodging
  1352 | D:3      | Reached skill level 10 in Stealth
  1352 | D:3      | Reached XP level 5. HP: 41/41 MP: 5/5
  1353 | D:3      | Gained mutation: You evolve. [potion of mutation]
  1353 | D:3      | Gained mutation: You are dopey. (Int -2) [potion of mutation]
  1353 | D:3      | Lost mutation: You evolve. [potion of mutation]
  1353 | D:3      | Gained mutation: Your muscles are strong. (Str +2) [potion of mutation]
  1545 | D:3      | Reached XP level 6. HP: 42/46 MP: 6/6
  2234 | D:4      | Reached skill level 11 in Stealth
  2309 | D:4      | Noticed Grinder
  2326 | D:4      | Paralysed by Grinder for 5 turns
  2349 | D:4      | Paralysed by Grinder for 6 turns
  2359 | D:4      | Killed Grinder
  2359 | D:4      | Reached XP level 7. HP: 26/52 MP: 7/7
  3062 | D:5      | Entered Level 5 of the Dungeon
  3233 | D:5      | Found a sand-covered staircase.
  3239 | Ossuary  | Entered an ossuary
  3742 | D:5      | Found a staircase to the Ecumenical Temple.
  3751 | Temple   | Entered the Ecumenical Temple
  3784 | Temple   | Became a worshipper of Cheibriados the Contemplative
  3893 | D:5      | Noticed Prince Ribbit
  3899 | D:5      | Killed Prince Ribbit
  3899 | D:5      | Reached XP level 8. HP: 58/58 MP: 8/8
  4144 | D:5      | Noticed Eustachio
  4151 | D:5      | Killed Eustachio
  4151 | D:5      | Reached skill level 12 in Stealth
  4723 | D:6      | Reached skill level 1 in Invocations
  4726 | D:6      | Reached * piety under Cheibriados
  5031 | D:6      | Reached XP level 9. HP: 63/63 MP: 10/10
  5829 | D:7      | Reached ** piety under Cheibriados
  6053 | D:7      | Noticed Pikel
  6068 | D:7      | Killed Pikel
  6068 | D:7      | Reached skill level 13 in Stealth
  6504 | D:8      | Learned a level 2 spell: Blink
  6578 | D:8      | HP: 1/63 [orc priest/divine providence (14)]
  6584 | D:8      | Reached skill level 1 in Translocations
  6852 | D:8      | Reached skill level 1 in Spellcasting
  6870 | D:8      | Noticed a two-headed ogre
  6882 | D:8      | Killed a two-headed ogre
  6882 | D:8      | Reached XP level 10. HP: 24/69 MP: 10/13
  7715 | D:9      | Reached *** piety under Cheibriados
  8269 | D:9      | Noticed Gastronok
  8414 | D:9      | Killed from afar by Gastronok

Vault maps used:
D:1:      evilmike_arrival_fibonacci_small, serial_glass, glass_columns_b,
          glass_columns_a, glass_columns_b, glass_columns_a
D:2:      elyvilon_altar_1
D:4:      lemuel_statue_altar, uniq_grinder
D:5:      minmay_temple_entry_poolview, lightli_ossuary_entry_decrepit_ruins,
          first_ration, serial_bayou_lagoon_a, uniq_prince_ribbit1,
          uniq_eustachio
D:7:      uniq_pikel
D:9:      kennysheep_mini, uniq_gastronok
Temple:   roderic_octagonal_lattice_temple
Ossuary:  minmay_ossuary_gauntlet

Skill      XL: |  1  2  3  4  5  6  7  8  9 10 |
---------------+-------------------------------+-----
Stealth        | 6 7 10 11 12 13 | 13.7
Fighting       | 6 7 |  7.1
Short Blades   | 6 7 |  7.5
Dodging        | 5 6 |  6.8
Invocations    | 1 2 |  2.2
Translocations | 2 3 |  3.0
Spellcasting   | 2 3 |  3.0
Throwing       | |  2.0

Action                   |  1- 3 |  4- 6 |  7- 9 | 10-12 || total
-------------------------+-------+-------+-------+-------++-------
Melee: Dagger            |    48 |    31 |   221 |    43 ||   343
       Constrict         |    13 |    11 |    44 |    11 ||    79
       Tentacles         |    14 |    11 |    59 |    15 ||    99
       Unarmed           |       |    16 |       |       ||    16
 Fire: Blowgun           |       |       |     2 |    23 ||    25
Throw: Tomahawk          |       |       |       |     4 ||     4
Invok: Bend Time         |       |       |     1 |       ||     1
  Use: Scroll            |       |     6 |     4 |     6 ||    16
       Potion            |       |     3 |     1 |     1 ||     5
 Stab: Sleeping          |     9 |     1 |    33 |     8 ||    51
  Eat: Chunk             |       |     3 |     9 |     1 ||    13
       Ration            |       |     1 |       |       ||     1
Armor: Skin              |     4 |     5 |     2 |     3 ||    14
Dodge: Dodged            |    26 |    21 |   110 |    79 ||   236

Table legend:
 A = Spawn XP
 B = Non-spawn XP
 C = Spawn XP percentage of total XP
 D = Spawn monster count
 E = Non-spawn monster count
 F = Spawn count percentage of total count
 G = Total turns spent on level
                    A         B        C        D         E        F      G
               +---------+---------+-------+---------+---------+-------+---------
         Total |       0 |    5962 |   0.0 |       0 |     142 |   0.0 |  8414
               +---------+---------+-------+---------+---------+-------+---------
           D:1 |       0 |      21 |   0.0 |       0 |      15 |   0.0 |   545
           D:2 |       0 |      33 |   0.0 |       0 |       9 |   0.0 |   550
           D:3 |       0 |     173 |   0.0 |       0 |      12 |   0.0 |  1075
           D:4 |       0 |     379 |   0.0 |       0 |       4 |   0.0 |   892
           D:5 |       0 |     858 |   0.0 |       0 |      20 |   0.0 |   930
           D:6 |       0 |    1057 |   0.0 |       0 |      24 |   0.0 |  1370
           D:7 |       0 |     769 |   0.0 |       0 |      10 |   0.0 |   651
           D:8 |       0 |    1501 |   0.0 |       0 |      14 |   0.0 |   940
           D:9 |       0 |     999 |   0.0 |       0 |      18 |   0.0 |  1012
       Ossuary |       0 |     172 |   0.0 |       0 |      16 |   0.0 |   394
               +---------+---------+-------+---------+---------+-------+---------
